Map: Ruins of Endion

Players

Pokebunny

  • Race: Terran Terran
  • League: Grandmaster

MasTeR - Winner!

  • Race: Protoss Protoss
  • League: Master

VOD

Have the link to the VOD?

Description

Time

  • Played on: April 4, 2016, 5:55 p.m.
  • Length: 11:15
Show
View Real Time Build Order
Export as new Build Order

Pokebunny Terran 

Build Orders: Reaper Expand, MMM Bio 

Get SALT Encoding   

  12  0:00  SCV  
  13  0:12  SCV  
  14  0:17  Supply Depot  
  14  0:25  SCV  
  15  0:39  Barracks, SCV  
  16  0:44  Refinery  
  16  0:51  SCV  
  17  1:03  SCV  
  18  1:15  SCV  
  19  1:28  Reaper, Orbital Command  
  20  1:39  Command Center  
  20  1:50  Supply Depot  
  20  1:53  SCV  
  21  2:00  Marine  
  22  2:05  SCV  
  22  2:07  Factory  
  23  2:14  Refinery  
  23  2:17  SCV  
  23  2:18  Marine  
  26  2:30  SCV  
  27  2:38  Barracks Reactor  
  27  2:42  SCV  
  27  2:55  Hellion  
  27  2:56  Starport  
  29  2:58  Orbital Command  
  29  2:59  SCV  
  29  3:01  Barracks  
  30  3:11  SCV  
  31  3:15  Marine x2  
  31  3:17  Widow Mine  
  35  3:24  SCV  
  35  3:25  SCV  
  37  3:29  Barracks  
  37  3:32  Supply Depot  
  37  3:36  Medivac  
  37  3:37  Marine  
  40  3:42  Marine  
  40  3:43  SCV  
  40  3:44  SCV  
  43  3:48  Factory Tech Lab  
  43  3:49  Barracks Tech Lab  
  44  3:55  SCV  
  44  3:56  SCV  
  44  3:57  Supply Depot  
  44  4:00  Marine x2  
  47  4:09  Combat Shields  
  47  4:11  Siege Tank, Marine  
  47  4:15  Barracks Reactor  
  51  4:17  SCV  
  51  4:18  Refinery, SCV  
  51  4:21  Supply Depot  
  52  4:37  Marine x2  
  53  4:44  Marauder  
  54  4:45  Siege Tank  
  54  4:46  SCV x2  
  54  4:49  Supply Depot  
  59  4:53  Marine x2  
  59  4:55  Marine x2  
  63  5:05  Medivac  
  63  5:06  SCV x2  
  65  5:09  Supply Depot  
  65  5:12  Supply Depot  
  65  5:14  Marine  
  65  5:15  Marine x4  
  65  5:18  Siege Tank  
  71  5:26  SCV x2  
  71  5:27  Supply Depot  
  73  5:31  Stimpack  
  73  5:33  Supply Depot  
  73  5:35  Marine x2  
  75  5:36  Marine  
  75  5:37  Marine  
  75  5:40  SCV  
  75  5:42  SCV  
  75  6:02  Engineering Bay  
  75  6:03  SCV x2  
  69  6:10  Marine x4  
  69  6:11  Marine  
  62  6:17  SCV  
  62  6:18  SCV  
  58  6:24  Medivac  
  58  6:25  Siege Tank  
  62  6:28  Marine x3  
  62  6:29  Missile Turret  
  65  6:33  SCV  
  65  6:34  SCV  
  60  6:53  SCV x2  
  59  6:55  Starport Tech Lab, Missile Turret  
  59  7:05  SCV x2  
  59  7:06  Marine x2  
  63  7:12  Marine  
  64  7:16  Marine  
  65  7:31  Marine x2  
  65  7:32  SCV  
  65  7:33  SCV  
  55  7:57  Marine x3  
  55  7:58  Marine x2  
  58  8:02  SCV x2  
  53  8:14  SCV  
  53  8:15  Marine x3  
  57  8:26  SCV  
  57  8:27  SCV  
  50  8:30  Command Center  
  49  8:47  SCV x2  
  51  8:48  Marine x2  
  51  8:49  Marine x3  
  56  9:06  Marine  
  56  9:19  Marine x3, Marauder  
  56  9:20  Siege Tank  
  56  9:21  Medivac  
  56  9:23  SCV  
  64  9:24  Marine  
  64  9:26  SCV  
  61  9:47  Marine x4, Marauder  
  61  9:49  SCV x2  
  61  9:52  Siege Tank  
  67  10:06  Orbital Command  
  66  10:07  SCV x2  
  66  10:12  Barracks  
  66  10:13  Barracks  
  68  10:19  SCV x2  
  68  10:23  Marine x2  
  68  10:24  Marine x2, Marauder  
  68  10:27  Siege Tank  
  77  10:33  SCV x2  
  80  10:37  Orbital Command  
  80  10:39  Refinery  
  70  10:56  Marine  
  70  10:57  Marine x3  
Show
View Real Time Build Order
Export as new Build Order

MasTeR Protoss - Winner!

Build Orders: 1 Gate Expand 

Get SALT Encoding   

  12  0:01  Probe (Chrono Boost)  
  13  0:11  Probe (Chrono Boost)  
  14  0:18  Pylon  
  14  0:22  Probe (Chrono Boost)  
  15  0:37  Gateway, Probe (Chrono Boost)  
  16  0:47  Probe (Chrono Boost)  
  16  0:49  Assimilator  
  17  0:58  Probe (Chrono Boost)  
  18  1:08  Probe (Chrono Boost)  
  19  1:19  Nexus  
  19  1:23  Probe (Chrono Boost)  
  20  1:32  Cybernetics Core  
  20  1:36  Probe (Chrono Boost)  
  21  1:43  Assimilator  
  21  1:46  Probe (Chrono Boost)  
  22  1:52  Pylon  
  22  1:57  Probe (Chrono Boost)  
  23  2:10  Adept (Chrono Boost), Probe  
  23  2:14  Warp Gate  
  25  2:20  Robotics Facility  
  25  2:24  Probe  
  26  2:34  Mothership Core (Chrono Boost)  
  28  2:38  Probe (Chrono Boost)  
  29  2:49  Probe (Chrono Boost)  
  30  2:53  Probe (Chrono Boost)  
  31  2:58  Adept  
  31  3:00  Probe (Chrono Boost)  
  31  3:04  Probe (Chrono Boost)  
  35  3:07  Pylon  
  35  3:10  Probe (Chrono Boost)  
  36  3:14  Probe (Chrono Boost)  
  37  3:21  Probe (Chrono Boost)  
  37  3:25  Probe (Chrono Boost)  
  37  3:26  Observer  
  40  3:29  Twilight Council  
  40  3:31  Probe (Chrono Boost)  
  41  3:34  Adept  
  41  3:35  Probe (Chrono Boost)  
  44  3:42  Pylon, Probe (Chrono Boost)  
  44  3:46  Probe (Chrono Boost)  
  46  3:52  Probe (Chrono Boost)  
  47  3:56  Probe (Chrono Boost)  
  47  3:58  Gateway  
  47  3:59  Gateway  
  48  4:03  Probe (Chrono Boost)  
  48  4:06  Dark Shrine  
  48  4:07  Probe (Chrono Boost)  
  50  4:11  Gateway  
  50  4:17  Assimilator x2  
  50  4:19  Probe x2 (Chrono Boost)  
  49  4:37  Stalker  
  51  4:44  Probe (Chrono Boost)  
  48  4:47  Warp Prism (Chrono Boost)  
  48  4:49  Probe  
  51  4:54  Stalker x2  
  51  4:58  Probe (Chrono Boost)  
  53  5:00  Probe (Chrono Boost)  
  54  5:10  Probe (Chrono Boost)  
  54  5:12  Probe (Chrono Boost)  
  54  5:14  Nexus  
  54  5:20  Probe (Chrono Boost)  
  55  5:22  Probe (Chrono Boost)  
  56  5:30  Pylon  
  56  5:31  Probe (Chrono Boost)  
  56  5:33  Probe (Chrono Boost)  
  56  5:34  Dark Templar x2  
  62  5:41  Pylon  
  62  5:42  Blink (Chrono Boost)  
  62  5:46  Pylon  
  62  5:47  Probe  
  62  5:48  Probe  
  64  5:50  Pylon  
  64  5:56  Dark Templar  
  63  5:57  Probe  
  63  6:00  Probe  
  61  6:08  Stalker x2  
  61  6:09  Stalker  
  65  6:14  Probe  
  65  6:18  Gateway x2  
  65  6:22  Mothership Core  
  66  6:26  Probe  
  67  6:35  Adept x4  
  75  6:45  Immortal  
  77  6:58  Adept x4  
  77  7:00  Probe x2  
  85  7:02  Probe  
  85  7:03  Pylon  
  88  7:11  Probe x2  
  88  7:14  Probe  
  91  7:18  Stalker x4  
  99  7:26  Stalker x2  
  99  7:28  Resonating Glaives (Chrono Boost)  
  103  7:34  Pylon  
  103  7:35  Pylon  
  85  7:47  Stalker  
  85  7:48  Stalker x3  
  85  7:52  Stalker x2  
  71  8:13  Stalker x3  
  71  8:14  Stalker  
  71  8:16  Stalker x2  
  69  8:29  Immortal (Chrono Boost)  
  71  8:37  Stalker, Pylon  
  71  8:38  Stalker  
  71  8:40  Adept x2  
  72  8:48  Gateway  
  72  8:51  Gateway  
  72  9:01  Adept x4  
  76  9:08  Probe  
  76  9:09  Immortal (Chrono Boost)  
  73  9:10  Probe x2  
  72  9:19  Probe  
  72  9:22  Probe x2  
  75  9:26  Stalker x3  
  75  9:29  Probe  
  82  9:34  Probe x2  
  82  9:35  Pylon  
  84  9:40  Probe  
  84  9:44  Adept  
  85  9:48  Probe  
  85  9:51  Adept  
  85  9:52  Adept x2  
  88  10:03  Stalker  
  88  10:06  Probe  
  92  10:07  Probe  
  92  10:12  Mothership Core (Chrono Boost)  
  94  10:22  Adept x6  
  94  10:27  Probe (Chrono Boost)  
  108  10:29  Probe (Chrono Boost)  
  108  10:30  Assimilator  
  108  10:31  Pylon  
  100  10:52  Stalker  
  100  10:53  Stalker x5  
  102  11:08  Stalker  
Tags
 
Add a new tag
Caveats
  • Supply blocks, unpowered buildings, or Contaminate may cause inaccurate times.
  • Supply counts are checked every 10 seconds.